 Dungeon Crawl Stone Soup version 0.30.1-3-gfc49f6343a (webtiles) character file.

Game seed: 520132161556349620

42 shmup the Firebug (level 3, -2/19 HPs)
             Began as a Tengu Fire Elementalist on Aug 2, 2023.
             Slain by a hobgoblin (4 damage)
             ... on level 1 of the Dungeon.
             The game lasted 00:02:01 (443 turns).

shmup the Firebug (Tengu Fire Elementalist)          Turns: 443, Time: 00:02:02

Health: -2/19      AC:  2    Str:  8    XL:     3   Next: 56%
Magic:  0/7        EV: 12    Int: 17    God:
Gold:   18         SH:  0    Dex: 14    Spells: 3/6 levels left

rFire   . . .        (no weapon)
rCold   . . .        (no shield)
rNeg    . . .        a - +0 robe
rPois   .            (helmet restricted)
rElec   .            (no cloak)
rCorr   .            (no gloves)
SInv    .            (boots unavailable)
Will    .....        (no amulet)
Stlth   ++           i - ring of flight
HPRegen 0.23/turn    (no ring)
MPRegen 0.10/turn

%: no passive effects
@: flying
A: beak, talons 3
a: no special abilities


You were on level 1 of the Dungeon.
You visited 1 branch of the dungeon, and saw 2 of its levels.

You collected 18 gold pieces.

Inventory:

Missiles
 e - 3 stones (quivered)
Armour
 a - a +0 robe (worn)
Jewellery
 i - a ring of flight (left hand)
Scrolls
 c - a scroll of noise {unknown}
 f - a scroll of fog {unknown}
 g - a scroll of acquirement {unknown}
 h - 2 scrolls of identify {unknown}
Potions
 b - a potion of magic
 d - a potion of attraction {unknown}
 j - a potion of curing {unknown}


   Skills:
 - Level 2.1 Dodging
 - Level 2.0 Stealth
 - Level 2.0 Spellcasting
 + Level 2.7 Conjurations
 * Level 4.4 Fire Magic


You had 3 spell levels left.
You knew the following spells:

 Your Spells              Type           Power      Damage    Failure   Level
a - Foxfire               Conj/Fire      52%        2x1d6     4%          1
b - Scorch                Fire           32%        2d6       4%          2

Your spell library contained the following spells:

 Spells                   Type           Power      Damage    Failure   Level
 Inner Flame              Hex/Fire       9%         N/A       24%         3
 Volatile Blastmotes      Fire/Tloc      18%        2d11      24%         3
 Cigotuvi's Dreadful Rot  Necr/Pois/Air  2%         N/A       28%         2
 Ignite Poison            Fire/Tmut/Pois 6%         N/A       32%         3
 Flame Wave               Conj/Fire      13%        2d6       41%         4
 Freezing Cloud           Conj/Ice/Air   2%         6-21      98%         5


Dungeon Overview and Level Annotations

Branches:
Dungeon (2/15) Zot: 11557

Altars:

Annotations:
D:2 Robin


Innate Abilities, Weirdness & Mutations

You have a beak for a mouth.
You have claws for feet.


Message History

Confirm with . or Enter, or press ? or * to list all spells.
You conjure some foxfire!
The frilled lizard closely misses you.
The foxfire hits the goblin.
You kill the goblin!
The foxfire hits the frilled lizard.
You kill the frilled lizard!
The hobgoblin barely misses you. The rat attacks as you move away!
The rat bites you.
* * * LOW HITPOINT WARNING * * *
Casting: Foxfire (safe; 4% risk of failure)
Confirm with . or Enter, or press ? or * to list all spells.
You conjure some foxfire!
The rat closely misses you. The hobgoblin closely misses you.
Casting: Foxfire (safe; 4% risk of failure)
Confirm with . or Enter, or press ? or * to list all spells.
You conjure some foxfire!
The foxfire hits the rat but does no damage.
The foxfire hits the rat.
You kill the rat!
The hobgoblin misses you. The goblin attacks as you move away!
The goblin hits you with a +3 dagger.
* * * LOW HITPOINT WARNING * * *
The hobgoblin attacks as you move away! The hobgoblin misses you.
The foxfire hits the goblin.
You kill the goblin!
The foxfire hits the hobgoblin but does no damage.
The hobgoblin attacks as you move away! The hobgoblin hits you.
* * * LOW HITPOINT WARNING * * *
The hobgoblin attacks as you move away! The hobgoblin hits you.
* * * LOW HITPOINT WARNING * * *
The hobgoblin attacks as you move away! The hobgoblin closely misses you.
Casting: Foxfire (safe; 4% risk of failure)
Confirm with . or Enter, or press ? or * to list all spells.
You conjure some foxfire!
The hobgoblin barely misses you.
The foxfire hits the hobgoblin.
The hobgoblin is severely wounded.
The foxfire hits the hobgoblin.
The hobgoblin is almost dead.
The hobgoblin hits you.
You die...

..▒▒...▒...▒▒▒▒▒..▒
....▒▒▒▒.......▒..▒. .▒
~~...▒▒...~~~~...... .▒
#~~......~~~~~~...▒ ..▒
#~~......~~~~~~...▒...▒
~~~......~~~~~~...▒....
~~..▒▒▒▒..~~~~.......
...▒+▒.+▒......▒..▒
▒▒.▒.<>.▒.▒..▒.gQ.▒
▒.▒+▒.'▒.▒▒...▒..▒▒ ▒
...▒▒▒▒..▒▒▒▒.▒...▒.▒
........▒▒▒▒▒.▒.▒.▒.▒
........▒▒▒.........▒
.▒▒▒▒▒▒...........▒▒▒
▒▒▒▒..▒.....▒▒▒▒▒
.....▒..).......
...▒▒.▒.)%.▒▒▒▒▒▒


You could see a hobgoblin.

Vanquished Creatures
  2 adders (D:2)
  2 ball pythons (D:2)
  2 bats (D:2)
  10 goblins
  2 quokkas (D:2)
  A frilled lizard (D:1)
  2 rats
21 creatures vanquished.

Vanquished Creatures (others)
  39 foxfires
39 creatures vanquished.

Grand Total: 60 creatures vanquished

Notes
Turn   | Place    | Note
-------+----------+-------------------------------------------
     0 | D:1      | shmup the Tengu Fire Elementalist began the quest for the
                  | Orb.
     0 | D:1      | Reached XP level 1. HP: 10/10 MP: 4/4
    75 | D:1      | You fall into a shaft and drop 1 floor!
   105 | D:2      | Reached XP level 2. HP: 15/15 MP: 1/6
   108 | D:2      | Learned a level 2 spell: Scorch
   235 | D:2      | Reached skill level 4 in Fire Magic
   287 | D:2      | Reached XP level 3. HP: 19/19 MP: 1/7
   387 | D:2      | Noticed Robin
   443 | D:1      | Slain by a hobgoblin

Illustrated notes

Levels and vault maps discovered:
D:1:      dpeg_arrival_pits, layout_basic, hellmonk_ecumenical_altar_zigzags
D:2:      layout_rooms, uniq_crazy_yiuf_cottage, uniq_robin

Skill      XL: |  1  2 |
---------------+-------+-----
Conjurations   | 2 |  2.7
Fire Magic     | 4 |  4.4
Dodging        | |  2.1
Stealth        | |  2.0
Spellcasting   | |  2.0

Action                     || total
---------------------------++-------
   Cast: Foxfire           ||    25
         Scorch            ||     3
 Armour: Robe              ||     3
  Dodge: Dodged            ||    20
